 Dungeon Crawl Stone Soup version 0.18.1-2-ga659475 (webtiles) character file.

1443 HungrySpirit the Cleaver (level 8, 0/62 HPs)
             Began as a Hill Orc Gladiator on May 8, 2016.
             Slain by an orc warrior
             ... wielding a +0 vampiric glaive
              (16 damage)
             ... on level 6 of the Dungeon.
             The game lasted 00:07:26 (4831 turns).

HungrySpirit the Cleaver (Hill Orc Gladiator)       Turns: 4831, Time: 00:07:27

Health: 0/62       AC:  6    Str: 20    XL:     8   Next: 74%
Magic:  8/8        EV:  7    Int:  6    God:
Gold:   282        SH:  6    Dex: 11    Spells: 0 memorised, 7 levels left

rFire  . . .     SeeInvis +     s - +3 war axe (venom)
rCold  . . .     Gourm    .     b - +0 leather armour
rNeg   . . .     Faith    .     (no shield)
rPois  .         Spirit   .     c - +0 helmet
rElec  .         Dismiss  .     j - +0 cloak
rCorr  .         Reflect  +     k - +0 pair of gloves
SustAt .         Harm     .     (no boots)
MR     .....                    y - amulet "Tezy" {Reflect Int-2 Slay+6 SH+6}
Stlth  +.........               w - ring of wizardry
                                r - ring of see invisible

@: not resistant to hostile enchantments, very unstealthy
A: no striking features
a: no special abilities


You were on level 6 of the Dungeon.
You were hungry.

You visited 1 branch of the dungeon, and saw 6 of its levels.

You collected 282 gold pieces.

Inventory:

Hand Weapons
 s - a +3 war axe of venom (weapon)
 t - the +1 hand axe "Wiudao" {flame, MR++ MP-9 Dex+2}
   (You found it on level 4 of the Dungeon)

   It has been specially enchanted to burn those struck by it, causing extra
   injury to most foes and up to half again as much damage against particularly
   susceptible opponents.
   Big, fiery blades are also staple armaments of hydra-hunters.
   It affects your dexterity (+2).
   It affects your resistance to hostile enchantments.
   It affects your magic capacity (-9).
Missiles
 d - 3 throwing nets (quivered)
Armour
 b - a +0 leather armour (worn)
 c - a +0 helmet (worn)
 j - a +0 cloak (worn)
 k - a +0 pair of gloves (worn)
Jewellery
 r - a ring of see invisible (left hand)
 w - a ring of wizardry (right hand)
 y - the amulet "Tezy" (around neck) {Reflect Int-2 Slay+6 SH+6}
   (You took it off an orc wizard on level 5 of the Dungeon)

   [amulet of reflection]

   It shields you and reflects attacks.
   It affects your intelligence (-2).
   It affects your accuracy and damage with ranged weapons and melee attacks
   (+6).
   It affects your SH (+6).
 B - an uncursed ring of ice
Scrolls
 e - a scroll of recharging {unknown}
 l - 6 scrolls of identify
 n - 3 scrolls of teleportation
 o - 2 scrolls of summoning {unknown}
 p - 3 scrolls of magic mapping
 x - a scroll of amnesia
Potions
 a - a potion of heal wounds
 h - 2 potions of brilliance {unknown}
 i - 2 potions of curing
 m - 3 potions of might {unknown}
 q - a potion of flight {unknown}
 u - a potion of haste {unknown}
Books
 v - a book of Maledictions

   Spells                             Type                      Level
   a - Corona                         Hexes                        1
   b - Ensorcelled Hibernation        Hexes/Ice                    2
   c - Confuse                        Hexes                        3
   d - Tukima's Dance                 Hexes                        3
   e - Dazzling Spray                 Conjuration/Hexes            3
Comestibles
 f - 5 bread rations
 g - 5 meat rations
 z - 5 fruits


   Skills:
 - Level 2.4 Fighting
 + Level 13.6 Axes
 - Level 1.7 Throwing
 - Level 2.4 Dodging


You had 7 spell levels left.
You didn't know any spells.

Dungeon Overview and Level Annotations

Branches:
Dungeon (6/15)             Temple (0/1) D:6

Altars:
Xom


Message History

The orc warrior hits you from afar with a vampiric glaive!
You block the orc wizard's attack.
Unknown command.
You hit the black bear.
The black bear is almost dead.
You slash the orc wizard!
The orc wizard is poisoned.
The orc wizard is severely wounded.
You kill the black bear!
Unknown command.
You slash the orc wizard!
You kill the orc wizard!
The orc warrior hits you from afar with a vampiric glaive!
* * * LOW HITPOINT WARNING * * *
Unknown command.
Unknown command.
You are too injured to fight recklessly!
Unknown command.
There is a stone staircase leading up here.
The orc warrior hits you from afar with a vampiric glaive!
You die...

#.# #.# ### ###.# ####.# #..
..#.# ....# #.# #.#.# ###..###
#.# #.#.# .......# #.#####
#.#.#
#.###..#.####.#...#####...####
#.........oo....#.............
####..#.####@#.#######.#####.
#........o.#...........#
#.##..#.##.###.#######.#
#.##..#..(.###.#######.######
##.##....#..)...#....)...<...#
#...#....#.o###.#.#####.####.#
#...#......#........#####.#
###...#.#######...........#
##.##....#....###########


You could see an orc warrior and an orc.

Vanquished Creatures
  Eustachio (D:5)
  A hippogriff (D:5)
  A sky beast (D:5)
  A black bear (D:6)
  An ogre (D:5)
  A giant frog (D:3)
  A water moccasin zombie (D:5)
  A water moccasin skeleton (D:5)
  A jelly (D:5)
  4 orc priests
  6 orc wizards
  An iguana (D:3)
  7 worker ants
  A hound skeleton (D:4)
  A worker ant zombie (D:5)
  3 gnolls
  6 adders
  An ooze (D:2)
  An adder zombie (D:5)
  3 worms
  2 dart slugs
  3 giant geckos
  21 orcs
  A ball python (D:4)
  2 giant cockroaches
  4 goblins
  3 hobgoblins (D:3)
  4 jackals
  9 kobolds
  4 quokkas
  5 bats
  2 giant newts
  A jackal skeleton (D:4)
  20 rats
  A plant (D:5)
125 creatures vanquished.

Notes
Turn   | Place    | Note
--------------------------------------------------------------
     0 | D:1      | HungrySpirit the Hill Orc Gladiator began the quest for the Orb.
     0 | D:1      | Reached XP level 1. HP: 18/18 MP: 1/1
    29 | D:1      | Reached XP level 2. HP: 23/25 MP: 2/2
   143 | D:1      | Reached skill level 5 in Axes
   872 | D:2      | Reached XP level 3. HP: 30/30 MP: 3/3
  1096 | D:2      | Reached skill level 6 in Axes
  1505 | D:2      | Reached XP level 4. HP: 37/37 MP: 4/4
  1576 | D:2      | Found a shimmering altar of Xom.
  2328 | D:3      | Noticed a giant frog
  2334 | D:3      | Reached skill level 7 in Axes
  2338 | D:3      | Killed a giant frog
  2338 | D:3      | Reached XP level 5. HP: 30/42 MP: 5/5
  2616 | D:3      | Reached skill level 8 in Axes
  2940 | D:4      | Reached XP level 6. HP: 50/50 MP: 6/6
  3186 | D:4      | Reached skill level 9 in Axes
  3537 | D:4      | Got a dazzling hand axe
  3569 | D:4      | Identified the cursed +1 hand axe "Wiudao" {flame, MR++ MP-9 Dex+2} (You found it on level 4 of the Dungeon)
  3743 | D:4      | Reached skill level 10 in Axes
  3743 | D:4      | Reached XP level 7. HP: 56/56 MP: 7/7
  3971 | D:5      | Entered Level 5 of the Dungeon
  4203 | D:5      | Reached skill level 11 in Axes
  4211 | D:5      | Got a sparkling platinum amulet
  4362 | D:5      | Noticed Eustachio
  4388 | D:5      | Killed Eustachio
  4388 | D:5      | Reached skill level 12 in Axes
  4388 | D:5      | Reached XP level 8. HP: 45/62 MP: 8/8
  4480 | D:5      | Identified the amulet "Tezy" {Reflect Int-2 Slay+6 SH+6} (You took it off an orc wizard on level 5 of the Dungeon)
  4590 | D:5      | Reached skill level 13 in Axes
  4802 | D:6      | Found a staircase to the Ecumenical Temple.
  4831 | D:6      | Slain by an orc warrior

Skill      XL: |  1  2  3  4  5  6  7  8 |
---------------+-------------------------+-----
Axes           | 5 6 7 8 10 12 13 | 13.6
Fighting       | |  2.4
Throwing       | |  1.7
Dodging        | |  2.4

Action                   |  1- 3 |  4- 6 |  7- 9 || total
-------------------------+-------+-------+-------++-------
Melee: War axe           |   104 |   131 |   118 ||   353
  Use: Potion            |       |     1 |       ||     1
       Scroll            |       |     7 |       ||     7
  Eat: Chunk             |     2 |     7 |     3 ||    12
Armor: Leather armour    |    24 |    39 |    28 ||    91
Dodge: Dodged            |    79 |    79 |    53 ||   211
Block: Other             |       |       |     6 ||     6
